[ AOE2 MATCH · #481388862 ]
UnrankedBulgarians vs Malay
[ REPLAY ANALYSIS · EXTRACTED FROM THE RECORDED GAME ]
Feudal
11:46
Castle
21:15
Imperial
31:30
| APM avg | 32.9 |
| APM peak | 67 |
| eAPM avg | 22.0 |
| Villagers / military | 206 / 242 |
Focus
⚔️ 28.7% · 🌾 71.3%
Militia ×180 · Mangonel ×51 · Trade Cart ×15 · Scout Cavalry ×7 · Monk ×2 · Battering Ram ×1
Feudal
11:56
Castle
14:44
Imperial
29:57
| APM avg | 44.0 |
| APM peak | 83 |
| eAPM avg | 24.3 |
| Villagers / military | 134 / 589 |
Focus
⚔️ 41.2% · 🌾 58.8%
Spearman ×327 · Battle Elephant ×234 · Trade Cart ×55 · Fishing Ship ×22 · Bombard Cannon ×14 · Mangonel ×6
Feudal
19:21
Castle
25:46
Imperial
50:03
| APM avg | 37.7 |
| APM peak | 71 |
| eAPM avg | 24.8 |
| Villagers / military | 184 / 193 |
Focus
⚔️ 32.2% · 🌾 67.8%
Cavalry Archer ×113 · Scout Cavalry ×80
Feudal
16:00
Castle
25:10
Imperial
36:17
| APM avg | 63.0 |
| APM peak | 110 |
| eAPM avg | 33.5 |
| Villagers / military | 156 / 17 |
Focus
⚔️ 44.4% · 🌾 55.6%
Unknown (1911) ×157 · Trade Cart ×36 · Bombard Cannon ×12 · Scout Cavalry ×4 · Skirmisher ×1
Feudal
10:00
Castle
19:30
Imperial
38:16
| APM avg | 40.3 |
| APM peak | 69 |
| eAPM avg | 30.0 |
| Villagers / military | 162 / 632 |
Focus
⚔️ 55.4% · 🌾 44.6%
Spearman ×483 · Militia ×127 · Trade Cart ×28 · Bombard Cannon ×14 · Battering Ram ×5 · Mangonel ×3
Feudal
12:54
Castle
23:13
Imperial
45:07
| APM avg | 48.1 |
| APM peak | 81 |
| eAPM avg | 29.8 |
| Villagers / military | 215 / 80 |
Focus
⚔️ 23.1% · 🌾 76.9%
Obuch ×64 · Trade Cart ×34 · Monk ×12 · Spearman ×4
Feudal
11:40
Castle
15:28
Imperial
28:00
| APM avg | 36.8 |
| APM peak | 88 |
| eAPM avg | 27.7 |
| Villagers / military | 141 / 399 |
Focus
⚔️ 35.1% · 🌾 64.9%
Fire Lancer ×288 · Knight ×67 · Trade Cart ×49 · Iron Pagoda ×18 · Battering Ram ×16 · Fishing Ship ×10
Feudal
10:58
Castle
14:29
Imperial
27:34
| APM avg | 39.4 |
| APM peak | 91 |
| eAPM avg | 22.2 |
| Villagers / military | 126 / 1 |
Focus
⚔️ 47.0% · 🌾 53.0%
Unknown (1949) ×331 · Trade Cart ×25 · Fishing Ship ×17 · Unknown (1942) ×9 · Unknown (1944) ×2 · Monk ×1
Match map
Initial resources + every placement click. Lines = walls · curves = elevation contours. ◆ gold · ⬟ stone · ● berries · ✦ relic · ◌ wall gap
Your base· ✓ Closed at 21:15 · 29t walls · 2 gate(s)
c3mbrich!'s base· ✓ Closed at 14:44 · 3t walls · no gate
WhiteFangAoK16's base· ✓ Closed at 25:46 · 35t walls · 3 gate(s)
Oni.TaToH's base· ✓ Closed at 25:10 · 73t walls · 4 gate(s)
Blade_PEC's base· ✓ Closed at 19:30 · 25t walls · 1 gate(s)
[R1] andres_rod's base· ✓ Closed at 23:13 · 149t walls · 1 gate(s)
Poxo's base· ✓ Closed at 15:28 · 1t walls · no gate
ARKINE's base· ✓ Closed at 14:29 · 0t walls · no gate
Smoothed initial terrain · ◌ = detected wall gap · hover for details
Inputs per minute
— 经典不变的回忆 | memory - - c3mbrich!
Build order — 经典不变的回忆 | memory
First 150 of 641 actions detected
| 0:00 | Create | Villager (Male) |
| 0:01 | Create | Villager (Male) |
| 0:01 | Create | Villager (Male) |
| 0:02 | Build | House |
| 0:03 | Build | House |
| 0:36 | Build | Lumber Camp |
| 0:43 | Build | House |
| 0:47 | Build | House |
| 1:11 | Create | Villager (Male) |
| 1:11 | Create | Villager (Male) |
| 1:11 | Create | Villager (Male) |
| 1:34 | Create | Villager (Male) |
| 1:34 | Create | Villager (Male) |
| 2:03 | Create | Villager (Male) |
| 2:03 | Create | Villager (Male) |
| 2:25 | Create | Villager (Male) |
| 2:25 | Create | Villager (Male) |
| 2:25 | Create | Villager (Male) |
| 3:10 | Create | Villager (Male) |
| 3:10 | Create | Villager (Male) |
| 3:10 | Create | Villager (Male) |
| 3:55 | Create | Villager (Male) |
| 3:55 | Create | Villager (Male) |
| 4:32 | Create | Villager (Male) |
| 4:32 | Create | Villager (Male) |
| 4:33 | Create | Villager (Male) |
| 4:38 | Create | Villager (Male) |
| 4:38 | Create | Villager (Male) |
| 5:21 | Create | Villager (Male) |
| 5:21 | Create | Villager (Male) |
| 5:21 | Create | Villager (Male) |
| 5:54 | Build | Mill |
| 6:06 | Build | House |
| 6:20 | Create | Villager (Male) |
| 6:20 | Create | Villager (Male) |
| 6:20 | Create | Villager (Male) |
| 6:27 | Build | House |
| 7:53 | Build | Mill |
| 8:09 | Create | Villager (Male) |
| 8:20 | Build | House |
| 8:23 | Build | House |
| 8:30 | Create | Villager (Male) |
| 9:06 | Create | Villager (Male) |
| 9:16 | Build | Mining Camp |
| 9:27 | Research | Feudal Age |
| 10:05 | Build | Barracks |
| 10:16 | Create | Villager (Male) |
| 11:06 | Build | Palisade Wall |
| 11:07 | Build | Palisade Wall |
| 11:09 | Build | Palisade Wall |
| 11:10 | Create | Villager (Male) |
| 11:39 | Build | Palisade Gate |
| 11:46 | Age | Feudal Age |
| 11:47 | Build | Stable |
| 11:48 | Research | Double-Bit Axe |
| 12:01 | Build | House |
| 12:07 | Research | Horse Collar |
| 12:26 | Create | Scout Cavalry |
| 12:26 | Create | Scout Cavalry |
| 12:30 | Create | Villager (Male) |
| 12:32 | Build | Lumber Camp |
| 12:46 | Create | Scout Cavalry |
| 12:47 | Create | Villager (Male) |
| 12:47 | Create | Villager (Male) |
| 12:52 | Build | House |
| 12:54 | Build | Farm |
| 13:06 | Build | Farm |
| 13:24 | Create | Scout Cavalry |
| 13:25 | Create | Villager (Male) |
| 13:27 | Build | Farm |
| 13:29 | Build | Farm |
| 13:34 | Build | House |
| 13:36 | Build | House |
| 13:54 | Create | Villager (Male) |
| 13:55 | Create | Scout Cavalry |
| 13:55 | Create | Villager (Male) |
| 14:25 | Create | Villager (Male) |
| 14:42 | Create | Villager (Male) |
| 14:44 | Build | House |
| 15:08 | Create | Scout Cavalry |
| 15:10 | Build | Gate |
| 15:11 | Build | Stone Wall |
| 15:13 | Build | Stone Wall |
| 15:22 | Build | Farm |
| 15:23 | Build | Farm |
| 15:25 | Build | Farm |
| 15:27 | Build | Farm |
| 15:30 | Build | House |
| 15:44 | Build | Stone Wall |
| 15:58 | Create | Scout Cavalry |
| 16:05 | Create | Villager (Male) |
| 16:05 | Create | Villager (Male) |
| 16:07 | Build | Farm |
| 16:08 | Build | Farm |
| 16:09 | Build | Farm |
| 16:11 | Build | Farm |
| 16:12 | Build | Farm |
| 16:26 | Build | Farm |
| 16:27 | Build | Farm |
| 16:28 | Build | Farm |
| 16:29 | Build | Farm |
| 16:31 | Create | Villager (Male) |
| 16:50 | Build | Stone Wall |
| 16:56 | Create | Villager (Male) |
| 17:26 | Create | Villager (Male) |
| 17:29 | Build | Farm |
| 17:32 | Build | Blacksmith |
| 17:47 | Create | Villager (Male) |
| 17:50 | Build | House |
| 17:51 | Build | House |
| 18:29 | Research | Castle Age |
| 18:40 | Build | Farm |
| 18:41 | Build | Farm |
| 18:47 | Build | Stone Wall |
| 19:01 | Build | Outpost |
| 19:07 | Build | Mining Camp |
| 19:14 | Build | Stone Wall |
| 19:24 | Build | Outpost |
| 19:36 | Create | Villager (Male) |
| 20:19 | Build | House |
| 20:31 | Build | Lumber Camp |
| 20:45 | Create | Villager (Male) |
| 21:15 | Age | Castle Age |
| 21:22 | Build | Monastery |
| 21:23 | Create | Villager (Male) |
| 21:26 | Build | Town Center |
| 21:31 | Build | Town Center |
| 21:31 | Research | Bow Saw |
| 21:34 | Create | Villager (Male) |
| 22:04 | Create | Monk |
| 22:04 | Create | Monk |
| 22:34 | Research | Heavy Plow |
| 22:35 | Create | Villager (Male) |
| 22:36 | Create | Villager (Male) |
| 22:47 | Create | Villager (Male) |
| 22:47 | Create | Villager (Male) |
| 22:48 | Create | Villager (Male) |
| 23:03 | Create | Villager (Male) |
| 23:03 | Create | Villager (Male) |
| 23:03 | Create | Villager (Male) |
| 23:03 | Create | Villager (Male) |
| 23:26 | Create | Villager (Male) |
| 23:26 | Create | Villager (Male) |
| 23:26 | Create | Villager (Male) |
| 23:26 | Create | Villager (Male) |
| 23:43 | Build | Town Center |
| 23:49 | Build | Farm |
| 24:01 | Create | Villager (Male) |
| 24:02 | Create | Villager (Male) |
| 24:02 | Create | Villager (Male) |
Build order — c3mbrich!
First 150 of 639 actions detected
| 0:01 | Create | Villager (Male) |
| 0:01 | Create | Villager (Male) |
| 0:03 | Build | House |
| 0:04 | Build | House |
| 0:18 | Create | Villager (Male) |
| 0:36 | Create | Villager (Male) |
| 0:36 | Create | Villager (Male) |
| 1:11 | Create | Villager (Male) |
| 1:11 | Create | Villager (Male) |
| 1:49 | Create | Villager (Male) |
| 1:50 | Create | Villager (Male) |
| 2:04 | Build | Lumber Camp |
| 2:13 | Create | Villager (Male) |
| 2:13 | Create | Villager (Male) |
| 2:43 | Create | Villager (Male) |
| 3:01 | Create | Villager (Male) |
| 3:38 | Create | Villager (Male) |
| 4:01 | Create | Villager (Male) |
| 4:05 | Build | House |
| 4:26 | Create | Villager (Male) |
| 5:05 | Create | Villager (Male) |
| 5:20 | Create | Villager (Male) |
| 5:27 | Build | Dock |
| 5:55 | Build | House |
| 5:57 | Create | Villager (Male) |
| 5:58 | Create | Villager (Male) |
| 6:17 | Create | Fishing Ship |
| 6:40 | Create | Villager (Male) |
| 6:43 | Create | Villager (Male) |
| 6:44 | Create | Fishing Ship |
| 6:53 | Create | Villager (Male) |
| 7:01 | Create | Fishing Ship |
| 7:12 | Build | House |
| 7:22 | Build | Mill |
| 7:44 | Create | Fishing Ship |
| 7:58 | Create | Villager (Male) |
| 8:18 | Create | Villager (Male) |
| 8:19 | Create | Fishing Ship |
| 8:25 | Build | House |
| 8:58 | Create | Villager (Male) |
| 8:59 | Create | Fishing Ship |
| 9:06 | Build | Mining Camp |
| 9:12 | Create | Villager (Male) |
| 9:25 | Create | Villager (Male) |
| 9:34 | Build | Mill |
| 9:45 | Create | Villager (Male) |
| 10:12 | Create | Villager (Male) |
| 10:13 | Research | Feudal Age |
| 11:56 | Age | Feudal Age |
| 11:59 | Create | Villager (Male) |
| 11:59 | Create | Villager (Male) |
| 12:03 | Build | Market |
| 12:05 | Build | Blacksmith |
| 12:30 | Build | House |
| 12:32 | Research | Loom |
| 12:44 | Build | Fish Trap |
| 12:51 | Build | Fish Trap |
| 12:56 | Build | Fish Trap |
| 13:08 | Research | Castle Age |
| 13:09 | Research | Castle Age |
| 13:14 | Build | Fish Trap |
| 13:15 | Create | Fishing Ship |
| 13:55 | Build | House |
| 13:57 | Build | House |
| 14:08 | Build | Palisade Wall |
| 14:14 | Research | Double-Bit Axe |
| 14:14 | Research | Double-Bit Axe |
| 14:24 | Build | Fish Trap |
| 14:44 | Age | Castle Age |
| 14:56 | Build | Siege Workshop |
| 14:57 | Create | Villager (Male) |
| 14:57 | Create | Villager (Male) |
| 14:59 | Create | Villager (Male) |
| 15:05 | Build | House |
| 15:24 | Build | House |
| 15:31 | Build | Palisade Wall |
| 15:39 | Create | Villager (Male) |
| 15:40 | Create | Scorpion |
| 15:45 | Build | House |
| 15:47 | Create | Villager (Male) |
| 15:48 | Create | Scorpion |
| 15:50 | Create | Villager (Male) |
| 15:55 | Research | Tech 906 |
| 16:02 | Build | Town Center |
| 16:17 | Build | House |
| 16:22 | Create | Villager (Male) |
| 16:26 | Create | Scorpion |
| 16:42 | Create | Mangonel |
| 16:42 | Create | Mangonel |
| 16:47 | Build | House |
| 16:51 | Create | Villager (Male) |
| 16:55 | Build | House |
| 16:58 | Create | Villager (Male) |
| 17:11 | Build | House |
| 17:19 | Create | Villager (Male) |
| 17:34 | Build | House |
| 17:43 | Build | House |
| 17:45 | Build | House |
| 17:53 | Build | Palisade Gate |
| 18:09 | Create | Villager (Male) |
| 18:09 | Create | Villager (Male) |
| 18:13 | Build | Town Center |
| 18:26 | Build | House |
| 18:29 | Create | Mangonel |
| 18:31 | Create | Villager (Male) |
| 18:46 | Build | Dock |
| 18:59 | Build | Fish Trap |
| 19:01 | Create | Villager (Male) |
| 19:16 | Create | Villager (Male) |
| 19:16 | Create | Villager (Male) |
| 19:18 | Create | Villager (Male) |
| 19:20 | Create | Villager (Male) |
| 19:29 | Build | House |
| 19:32 | Create | Fishing Ship |
| 19:32 | Create | Fishing Ship |
| 19:34 | Build | House |
| 19:55 | Create | Villager (Male) |
| 19:56 | Create | Fishing Ship |
| 19:57 | Create | Fishing Ship |
| 20:24 | Build | Monastery |
| 20:25 | Create | Villager (Male) |
| 20:31 | Build | Farm |
| 20:33 | Create | Villager (Male) |
| 20:35 | Create | Fishing Ship |
| 20:35 | Create | Fishing Ship |
| 21:10 | Create | Mangonel |
| 21:23 | Build | House |
| 21:24 | Build | House |
| 21:31 | Build | House |
| 21:40 | Create | Villager (Male) |
| 21:40 | Create | Villager (Male) |
| 21:41 | Create | Monk |
| 21:42 | Build | House |
| 21:43 | Create | Fishing Ship |
| 21:45 | Build | Fish Trap |
| 21:46 | Build | Fish Trap |
| 21:52 | Build | Fish Trap |
| 21:52 | Build | Fish Trap |
| 21:53 | Build | Fish Trap |
| 21:55 | Build | Fish Trap |
| 21:57 | Create | Villager (Male) |
| 21:57 | Create | Villager (Male) |
| 22:02 | Build | House |
| 22:04 | Create | Villager (Male) |
| 22:05 | Create | Villager (Male) |
| 22:06 | Create | Villager (Male) |
| 22:06 | Create | Villager (Male) |
| 22:10 | Research | Horse Collar |
| 22:10 | Research | Bow Saw |
| 22:14 | Build | Farm |
Build order — WhiteFangAoK16
First 150 of 639 actions detected
| 0:02 | Create | Villager (Male) |
| 0:02 | Create | Villager (Male) |
| 0:02 | Create | Villager (Male) |
| 0:04 | Build | House |
| 0:06 | Build | House |
| 0:43 | Research | Loom |
| 0:44 | Create | Villager (Male) |
| 0:44 | Create | Villager (Male) |
| 0:44 | Create | Villager (Male) |
| 1:23 | Create | Villager (Male) |
| 1:23 | Create | Villager (Male) |
| 2:19 | Create | Villager (Male) |
| 2:19 | Create | Villager (Male) |
| 2:52 | Create | Villager (Male) |
| 2:53 | Create | Villager (Male) |
| 3:27 | Create | Villager (Male) |
| 4:05 | Create | Villager (Male) |
| 4:05 | Create | Villager (Male) |
| 4:35 | Create | Villager (Male) |
| 4:35 | Create | Villager (Male) |
| 5:36 | Create | Villager (Male) |
| 5:36 | Create | Villager (Male) |
| 5:36 | Create | Villager (Male) |
| 5:53 | Create | Villager (Male) |
| 6:11 | Build | House |
| 6:35 | Create | Villager (Male) |
| 7:10 | Create | Villager (Male) |
| 7:29 | Create | Villager (Male) |
| 8:09 | Create | Villager (Male) |
| 8:09 | Create | Villager (Male) |
| 8:53 | Create | Villager (Male) |
| 8:54 | Create | Villager (Male) |
| 8:54 | Create | Villager (Male) |
| 8:54 | Create | Villager (Male) |
| 9:14 | Create | Villager (Male) |
| 9:44 | Build | Lumber Camp |
| 9:46 | Create | Villager (Male) |
| 10:15 | Build | House |
| 10:35 | Create | Villager (Male) |
| 10:59 | Create | Villager (Male) |
| 11:00 | Create | Villager (Male) |
| 11:00 | Create | Villager (Male) |
| 11:34 | Create | Villager (Male) |
| 12:05 | Create | Villager (Male) |
| 12:18 | Build | House |
| 12:54 | Build | Mill |
| 13:13 | Create | Villager (Male) |
| 13:36 | Build | Mill |
| 13:48 | Build | House |
| 14:12 | Create | Villager (Male) |
| 14:19 | Build | House |
| 14:26 | Create | Villager (Male) |
| 14:34 | Create | Villager (Male) |
| 14:57 | Build | Palisade Wall |
| 15:00 | Build | Palisade Wall |
| 15:07 | Build | Palisade Wall |
| 15:15 | Build | House |
| 15:19 | Create | Villager (Male) |
| 15:40 | Build | House |
| 15:53 | Create | Villager (Male) |
| 16:02 | Build | Pasture |
| 16:19 | Create | Villager (Male) |
| 16:19 | Create | Villager (Male) |
| 16:36 | Build | Pasture |
| 16:41 | Build | Pasture |
| 16:44 | Create | Villager (Male) |
| 17:10 | Research | Feudal Age |
| 17:19 | Build | Pasture |
| 17:52 | Build | Palisade Wall |
| 17:55 | Build | Palisade Wall |
| 17:57 | Build | Palisade Wall |
| 17:59 | Build | Palisade Wall |
| 18:02 | Build | Palisade Wall |
| 18:08 | Build | Palisade Wall |
| 18:11 | Build | Palisade Wall |
| 18:15 | Build | Palisade Gate |
| 18:18 | Build | Palisade Gate |
| 18:20 | Create | Villager (Male) |
| 18:22 | Build | Palisade Wall |
| 18:24 | Build | Palisade Wall |
| 18:31 | Create | Villager (Male) |
| 18:34 | Build | Palisade Wall |
| 18:38 | Create | Villager (Male) |
| 18:40 | Create | Villager (Male) |
| 18:45 | Build | Palisade Wall |
| 18:48 | Build | Palisade Wall |
| 18:50 | Create | Villager (Male) |
| 18:56 | Build | Palisade Gate |
| 19:03 | Create | Villager (Male) |
| 19:21 | Age | Feudal Age |
| 19:32 | Build | Mining Camp |
| 19:36 | Create | Villager (Male) |
| 19:41 | Build | Blacksmith |
| 19:48 | Create | Villager (Male) |
| 20:11 | Build | Market |
| 20:19 | Build | House |
| 20:22 | Create | Villager (Male) |
| 20:28 | Build | Pasture |
| 20:34 | Research | Double-Bit Axe |
| 20:55 | Research | Wheelbarrow |
| 21:12 | Research | Tech 1014 |
| 21:30 | Build | Watch Tower |
| 21:32 | Create | Villager (Male) |
| 21:44 | Research | Fletching |
| 21:46 | Create | Villager (Male) |
| 21:50 | Build | Mining Camp |
| 21:55 | Build | Lumber Camp |
| 22:34 | Build | Pasture |
| 22:55 | Research | Castle Age |
| 23:02 | Build | Pasture |
| 23:31 | Build | Pasture |
| 23:39 | Build | House |
| 23:43 | Research | Gold Mining |
| 23:58 | Build | House |
| 24:01 | Build | House |
| 24:02 | Build | House |
| 24:03 | Build | House |
| 24:14 | Create | Villager (Male) |
| 24:51 | Build | Pasture |
| 25:20 | Research | Stone Mining |
| 25:31 | Create | Villager (Male) |
| 25:46 | Age | Castle Age |
| 25:48 | Build | Town Center |
| 25:51 | Research | Bow Saw |
| 25:54 | Research | Tech 1013 |
| 26:00 | Create | Villager (Male) |
| 26:07 | Build | Pasture |
| 26:11 | Build | House |
| 26:19 | Create | Villager (Male) |
| 26:34 | Build | Pasture |
| 26:48 | Build | House |
| 26:50 | Build | House |
| 26:52 | Create | Villager (Male) |
| 27:07 | Build | Town Center |
| 27:14 | Create | Villager (Male) |
| 27:18 | Create | Villager (Male) |
| 27:18 | Create | Villager (Male) |
| 27:33 | Create | Villager (Male) |
| 27:41 | Research | Hand Cart |
| 27:47 | Create | Villager (Male) |
| 27:50 | Research | Stone Shaft Mining |
| 27:52 | Create | Villager (Male) |
| 28:29 | Create | Villager (Male) |
| 28:29 | Create | Villager (Male) |
| 28:29 | Create | Villager (Male) |
| 28:29 | Create | Villager (Male) |
| 28:44 | Create | Villager (Male) |
| 28:44 | Create | Villager (Male) |
| 28:50 | Build | Pasture |
| 28:54 | Build | Pasture |
Build order — Oni.TaToH
First 150 of 581 actions detected
| 0:01 | Create | Villager (Male) ×4 |
| 0:01 | Create | Villager (Male) ×4 |
| 0:02 | Build | House |
| 0:04 | Build | House |
| 1:29 | Research | Loom |
| 1:43 | Create | Villager (Male) |
| 2:05 | Create | Villager (Male) |
| 3:01 | Create | Villager (Male) |
| 3:17 | Create | Villager (Male) |
| 4:06 | Create | Villager (Male) |
| 4:30 | Create | Villager (Male) |
| 4:37 | Build | House |
| 5:04 | Create | Villager (Male) |
| 5:21 | Create | Villager (Male) |
| 5:55 | Create | Villager (Male) |
| 6:17 | Create | Villager (Male) |
| 6:17 | Create | Villager (Male) |
| 6:48 | Create | Villager (Male) |
| 7:03 | Build | Palisade Wall |
| 7:07 | Create | Villager (Male) |
| 7:10 | Build | House |
| 7:15 | Create | Villager (Male) |
| 7:32 | Build | House |
| 7:37 | Build | Palisade Wall |
| 7:41 | Build | Palisade Gate |
| 7:44 | Build | House |
| 7:56 | Build | Palisade Wall |
| 8:03 | Create | Villager (Male) |
| 8:06 | Create | Villager (Male) |
| 8:14 | Create | Villager (Male) |
| 8:34 | Create | Villager (Male) |
| 8:48 | Build | Lumber Camp |
| 9:24 | Create | Villager (Male) |
| 9:45 | Create | Villager (Male) |
| 10:02 | Build | Mill |
| 10:39 | Create | Villager (Male) |
| 10:46 | Create | Villager (Male) |
| 10:48 | Create | Villager (Male) |
| 11:24 | Build | Farm |
| 11:31 | Build | House |
| 11:51 | Create | Villager (Male) |
| 12:09 | Build | Farm |
| 12:11 | Build | Palisade Wall |
| 12:13 | Build | Palisade Wall |
| 12:21 | Create | Villager (Male) |
| 12:26 | Build | Barracks |
| 12:45 | Build | Palisade Gate |
| 12:48 | Build | Palisade Gate |
| 12:50 | Build | House |
| 13:00 | Create | Villager (Male) |
| 13:01 | Build | Palisade Wall |
| 13:02 | Build | Palisade Wall |
| 13:04 | Build | Palisade Wall |
| 13:11 | Build | Palisade Wall |
| 13:12 | Build | Palisade Wall |
| 13:16 | Create | Villager (Male) |
| 13:20 | Build | Mill |
| 13:32 | Build | Farm |
| 13:42 | Build | Barracks |
| 13:44 | Research | Feudal Age |
| 13:45 | Research | Feudal Age |
| 14:07 | Create | Villager (Male) |
| 14:22 | Build | Palisade Wall |
| 14:25 | Build | Palisade Wall |
| 14:40 | Build | Palisade Gate |
| 15:19 | Build | Lumber Camp |
| 15:28 | Build | Farm |
| 15:29 | Build | Farm |
| 15:37 | Build | Farm |
| 16:00 | Age | Feudal Age |
| 16:00 | Create | Villager (Male) |
| 16:06 | Research | Double-Bit Axe |
| 16:22 | Create | Villager (Male) |
| 16:32 | Build | Stable |
| 16:32 | Create | Villager (Male) |
| 16:40 | Build | Stone Wall |
| 16:47 | Build | Stone Wall |
| 16:52 | Create | Villager (Male) |
| 16:58 | Build | Palisade Wall |
| 16:58 | Build | Palisade Wall |
| 16:59 | Build | Palisade Wall |
| 17:06 | Build | Stone Wall |
| 17:09 | Build | Stone Wall |
| 17:13 | Build | Stone Wall |
| 17:17 | Create | Villager (Male) |
| 17:23 | Build | Stone Wall |
| 17:26 | Build | Stone Wall |
| 17:30 | Research | Horse Collar |
| 17:43 | Build | Farm |
| 17:50 | Build | Blacksmith |
| 17:58 | Create | Scout Cavalry |
| 17:59 | Create | Villager (Male) |
| 18:03 | Build | Palisade Gate |
| 18:08 | Create | Villager (Male) |
| 18:10 | Build | Farm |
| 18:13 | Build | Lumber Camp |
| 18:17 | Create | Scout Cavalry |
| 18:29 | Create | Villager (Male) |
| 18:30 | Build | House |
| 18:37 | Research | Forging |
| 18:40 | Build | Farm |
| 19:09 | Create | Scout Cavalry |
| 19:12 | Create | Villager (Male) |
| 19:20 | Build | Farm |
| 19:22 | Build | Farm |
| 19:23 | Build | Farm |
| 19:25 | Research | Scale Barding Armor |
| 19:34 | Build | Palisade Wall |
| 19:44 | Create | Villager (Male) |
| 19:52 | Create | Villager (Male) |
| 19:53 | Build | Farm |
| 19:56 | Build | Mining Camp |
| 20:11 | Build | Market |
| 20:16 | Build | Farm |
| 20:17 | Create | Scout Cavalry |
| 20:30 | Build | House |
| 20:34 | Research | Wheelbarrow |
| 20:35 | Research | Wheelbarrow |
| 20:36 | Build | Farm |
| 21:51 | Create | Villager (Male) |
| 22:30 | Research | Castle Age |
| 22:30 | Research | Castle Age |
| 24:03 | Research | Gold Mining |
| 24:04 | Research | Gold Mining |
| 24:53 | Research | Arson |
| 24:53 | Research | Arson |
| 25:07 | Create | Villager (Male) |
| 25:10 | Age | Castle Age |
| 25:14 | Build | Town Center |
| 25:15 | Create | Villager (Male) |
| 25:17 | Build | Town Center |
| 25:23 | Build | Town Center |
| 25:27 | Research | Bow Saw |
| 25:27 | Research | Heavy Plow |
| 25:27 | Research | Heavy Plow |
| 25:30 | Create | Villager (Male) |
| 25:44 | Build | House |
| 25:44 | Build | House |
| 25:45 | Build | House |
| 25:45 | Build | House |
| 25:46 | Build | House |
| 25:59 | Create | Villager (Male) |
| 26:28 | Create | Villager (Male) |
| 26:29 | Create | Villager (Male) |
| 26:30 | Create | Villager (Male) |
| 26:32 | Build | Farm |
| 26:32 | Create | Villager (Male) |
| 26:33 | Build | Farm |
| 26:35 | Build | Farm |
| 26:36 | Build | Farm |
Build order — Blade_PEC
First 150 of 1049 actions detected
| 0:01 | Create | Villager (Male) |
| 0:02 | Create | Villager (Male) |
| 0:03 | Build | House |
| 0:05 | Build | House |
| 0:19 | Research | Loom |
| 0:19 | Research | Loom |
| 0:42 | Create | Villager (Male) |
| 1:01 | Create | Villager (Male) |
| 1:24 | Build | Palisade Wall |
| 1:36 | Create | Villager (Male) |
| 1:36 | Create | Villager (Male) |
| 2:06 | Create | Villager (Male) |
| 2:06 | Create | Villager (Male) |
| 2:31 | Create | Villager (Male) |
| 2:32 | Create | Villager (Male) |
| 2:36 | Build | Lumber Camp |
| 3:01 | Create | Villager (Male) |
| 3:01 | Create | Villager (Male) |
| 3:20 | Create | Villager (Male) |
| 3:20 | Create | Villager (Male) |
| 3:24 | Build | House |
| 3:57 | Create | Villager (Male) |
| 3:57 | Create | Villager (Male) |
| 4:11 | Create | Villager (Male) |
| 4:31 | Create | Villager (Male) |
| 4:31 | Create | Villager (Male) |
| 5:14 | Build | Palisade Wall |
| 5:19 | Create | Villager (Male) |
| 5:19 | Create | Villager (Male) |
| 5:52 | Create | Villager (Male) |
| 6:16 | Build | Mill |
| 6:19 | Create | Villager (Male) |
| 6:31 | Build | House |
| 6:56 | Create | Villager (Male) |
| 7:06 | Build | House |
| 7:22 | Create | Villager (Male) |
| 7:50 | Research | Feudal Age |
| 7:50 | Research | Feudal Age |
| 8:48 | Create | Villager (Male) |
| 8:55 | Build | Mining Camp |
| 9:55 | Build | Barracks |
| 10:00 | Age | Feudal Age |
| 10:14 | Create | Villager (Male) |
| 10:43 | Build | Watch Tower |
| 10:48 | Create | Militia |
| 10:48 | Create | Militia |
| 10:53 | Create | Villager (Male) |
| 11:12 | Create | Militia |
| 11:18 | Create | Villager (Male) |
| 11:56 | Create | Villager (Male) |
| 12:03 | Research | Man-at-Arms (upgrade) |
| 12:16 | Create | Villager (Male) |
| 12:59 | Create | Villager (Male) |
| 13:11 | Build | Farm |
| 13:12 | Build | Farm |
| 13:13 | Build | House |
| 13:23 | Create | Militia |
| 13:24 | Create | Militia |
| 14:07 | Create | Villager (Male) |
| 14:10 | Create | Villager (Male) |
| 14:14 | Build | Blacksmith |
| 14:24 | Build | Palisade Wall |
| 14:49 | Create | Militia |
| 14:54 | Create | Villager (Male) |
| 14:56 | Build | Farm |
| 15:01 | Build | House |
| 15:12 | Create | Militia |
| 15:16 | Build | Palisade Gate |
| 15:46 | Create | Villager (Male) |
| 16:14 | Build | Market |
| 16:16 | Create | Villager (Male) |
| 16:50 | Research | Castle Age |
| 16:50 | Research | Castle Age |
| 17:09 | Build | Lumber Camp |
| 17:17 | Research | Scale Mail Armor |
| 17:18 | Research | Scale Mail Armor |
| 17:21 | Build | Farm |
| 17:22 | Build | Farm |
| 17:24 | Create | Militia |
| 17:25 | Create | Militia |
| 18:07 | Create | Militia |
| 18:09 | Build | Barracks |
| 18:22 | Research | Double-Bit Axe |
| 18:22 | Research | Double-Bit Axe |
| 18:24 | Create | Villager (Male) |
| 18:27 | Build | Farm |
| 18:31 | Create | Militia |
| 18:41 | Build | Farm |
| 18:49 | Create | Militia |
| 19:02 | Build | House |
| 19:21 | Create | Militia |
| 19:30 | Age | Castle Age |
| 19:32 | Build | Siege Workshop |
| 19:34 | Create | Militia |
| 19:42 | Build | Farm |
| 19:45 | Build | Farm |
| 19:48 | Build | Farm |
| 19:50 | Create | Militia |
| 20:24 | Create | Mangonel |
| 20:27 | Create | Militia |
| 20:27 | Create | Militia |
| 20:33 | Research | Squires |
| 20:33 | Research | Squires |
| 20:37 | Build | House |
| 20:40 | Build | Farm |
| 20:43 | Build | Farm |
| 20:46 | Build | Farm |
| 20:46 | Create | Villager (Male) |
| 21:17 | Create | Militia |
| 21:19 | Create | Villager (Male) |
| 21:21 | Build | Farm |
| 21:38 | Create | Militia |
| 21:46 | Create | Militia |
| 22:02 | Build | Farm |
| 22:23 | Research | Long Swordsman (upgrade) |
| 22:23 | Research | Long Swordsman (upgrade) |
| 22:25 | Research | Forging |
| 22:25 | Create | Villager (Male) |
| 22:27 | Build | House |
| 22:28 | Build | House |
| 22:33 | Build | Barracks |
| 22:36 | Create | Militia |
| 22:57 | Create | Militia |
| 23:05 | Create | Battering Ram |
| 23:06 | Create | Battering Ram |
| 23:13 | Create | Villager (Male) |
| 23:32 | Create | Mangonel |
| 23:38 | Build | Farm |
| 23:39 | Build | Farm |
| 23:42 | Research | Horse Collar |
| 23:42 | Research | Horse Collar |
| 23:44 | Create | Militia |
| 23:44 | Create | Militia |
| 23:55 | Create | Villager (Male) |
| 23:57 | Build | Farm |
| 23:59 | Research | Town Watch |
| 24:03 | Create | Villager (Male) |
| 24:05 | Build | House |
| 24:06 | Build | House |
| 24:07 | Create | Militia |
| 24:35 | Create | Mangonel |
| 24:37 | Create | Militia |
| 24:38 | Create | Militia |
| 24:39 | Create | Villager (Male) |
| 24:43 | Build | House |
| 26:17 | Create | Villager (Male) |
| 26:25 | Build | Barracks |
| 26:40 | Create | Villager (Male) |
| 26:55 | Create | Militia |
| 26:55 | Create | Militia |
Build order — [R1] andres_rod
First 150 of 625 actions detected
| 0:00 | Create | Villager (Male) |
| 0:00 | Create | Villager (Male) |
| 0:01 | Create | Villager (Male) |
| 0:02 | Build | House |
| 0:15 | Create | Villager (Male) |
| 0:15 | Create | Villager (Male) |
| 0:33 | Research | Loom |
| 0:33 | Create | Villager (Male) |
| 0:34 | Create | Villager (Male) |
| 0:34 | Create | Villager (Male) |
| 0:36 | Build | House |
| 1:03 | Build | House |
| 1:14 | Build | Palisade Wall |
| 1:51 | Build | House |
| 2:02 | Create | Villager (Male) |
| 2:02 | Create | Villager (Male) |
| 2:20 | Build | Palisade Wall |
| 2:53 | Build | Lumber Camp |
| 2:53 | Create | Villager (Male) |
| 2:53 | Create | Villager (Male) |
| 3:18 | Create | Villager (Male) |
| 3:18 | Create | Villager (Male) |
| 3:40 | Create | Villager (Male) |
| 3:40 | Create | Villager (Male) |
| 4:13 | Create | Villager (Male) |
| 4:13 | Create | Villager (Male) |
| 5:18 | Create | Villager (Male) |
| 5:49 | Create | Villager (Male) |
| 6:07 | Build | House |
| 6:07 | Create | Villager (Male) |
| 6:07 | Create | Villager (Male) |
| 6:21 | Build | House |
| 6:59 | Create | Villager (Male) |
| 6:59 | Create | Villager (Male) |
| 7:16 | Build | Palisade Wall |
| 7:21 | Create | Villager (Male) |
| 7:21 | Create | Villager (Male) |
| 7:21 | Create | Villager (Male) |
| 7:40 | Build | Palisade Wall |
| 7:42 | Build | Palisade Wall |
| 8:01 | Create | Villager (Male) |
| 8:01 | Create | Villager (Male) |
| 8:21 | Create | Villager (Male) |
| 8:21 | Create | Villager (Male) |
| 8:53 | Build | Palisade Wall |
| 9:03 | Build | Mill |
| 9:04 | Create | Villager (Male) |
| 9:26 | Create | Villager (Male) |
| 9:39 | Build | Palisade Wall |
| 9:42 | Build | Palisade Wall |
| 9:45 | Build | Palisade Wall |
| 9:47 | Create | Villager (Male) |
| 9:54 | Create | Villager (Male) |
| 10:14 | Create | Villager (Male) |
| 10:23 | Build | Palisade Wall |
| 10:44 | Research | Feudal Age |
| 10:44 | Research | Feudal Age |
| 11:49 | Build | Palisade Wall |
| 12:12 | Build | Palisade Wall |
| 12:23 | Build | Palisade Wall |
| 12:31 | Build | Palisade Gate |
| 12:47 | Build | Palisade Wall |
| 12:54 | Age | Feudal Age |
| 12:59 | Create | Villager (Male) |
| 13:48 | Build | House |
| 13:52 | Build | Palisade Wall |
| 13:56 | Build | House |
| 14:00 | Build | Palisade Wall |
| 14:31 | Build | Mining Camp |
| 14:58 | Create | Villager (Male) |
| 14:59 | Create | Villager (Male) |
| 14:59 | Create | Villager (Male) |
| 14:59 | Create | Villager (Male) |
| 15:25 | Create | Villager (Male) |
| 15:42 | Build | Watch Tower |
| 15:57 | Create | Villager (Male) |
| 16:10 | Build | Barracks |
| 16:38 | Build | Lumber Camp |
| 16:48 | Create | Villager (Male) |
| 17:13 | Build | Stone Wall |
| 17:15 | Build | Stone Wall |
| 17:20 | Build | Mining Camp |
| 17:25 | Build | Stone Wall |
| 17:28 | Build | Stone Wall |
| 17:38 | Build | Stone Wall |
| 17:42 | Build | Stone Wall |
| 17:44 | Build | Stone Wall |
| 17:46 | Build | Stone Wall |
| 17:48 | Build | Stone Wall |
| 17:51 | Build | Stone Wall |
| 18:14 | Create | Villager (Male) |
| 18:14 | Create | Villager (Male) |
| 18:14 | Create | Villager (Male) |
| 18:35 | Build | Stone Wall |
| 19:07 | Build | Market |
| 19:08 | Create | Villager (Male) |
| 19:10 | Create | Villager (Male) |
| 19:46 | Build | Stone Wall |
| 19:54 | Create | Villager (Male) |
| 20:01 | Build | Blacksmith |
| 20:33 | Research | Castle Age |
| 20:33 | Research | Castle Age |
| 20:40 | Build | Farm |
| 20:42 | Build | Farm |
| 20:43 | Build | Farm |
| 21:22 | Build | Stone Wall |
| 21:37 | Build | Stone Wall |
| 21:38 | Build | Stone Wall |
| 21:39 | Build | Stone Wall |
| 21:40 | Build | Stone Wall |
| 21:42 | Build | Stone Wall |
| 21:42 | Build | Stone Wall |
| 21:44 | Build | Stone Wall |
| 21:45 | Build | Stone Wall |
| 21:46 | Build | Stone Wall |
| 21:47 | Build | Stone Wall |
| 21:48 | Build | Stone Wall |
| 21:49 | Build | Stone Wall |
| 21:50 | Build | Stone Wall |
| 21:57 | Build | Stone Wall |
| 21:59 | Create | Villager (Male) |
| 22:06 | Research | Horse Collar |
| 22:06 | Research | Horse Collar |
| 22:10 | Build | Farm |
| 22:14 | Build | Farm |
| 22:16 | Build | Farm |
| 22:16 | Create | Villager (Male) |
| 22:17 | Create | Villager (Male) |
| 22:32 | Research | Double-Bit Axe |
| 22:33 | Research | Double-Bit Axe |
| 22:33 | Create | Villager (Male) |
| 22:33 | Create | Villager (Male) |
| 22:43 | Build | Mill |
| 23:08 | Build | Stone Wall |
| 23:11 | Build | Farm |
| 23:12 | Build | Farm |
| 23:12 | Build | Farm |
| 23:12 | Build | Farm |
| 23:12 | Build | Farm |
| 23:13 | Build | Farm |
| 23:13 | Build | Farm |
| 23:13 | Age | Castle Age |
| 23:13 | Build | Farm |
| 23:13 | Build | Farm |
| 23:28 | Build | Castle |
| 23:29 | Create | Villager (Male) |
| 23:36 | Research | Bow Saw |
| 23:36 | Research | Bow Saw |
| 23:36 | Create | Villager (Male) |
| 23:59 | Build | Stone Wall |
Build order — Poxo
First 150 of 459 actions detected
| 0:02 | Build | House |
| 0:03 | Build | House |
| 0:05 | Research | Loom |
| 0:06 | Research | Loom |
| 0:55 | Create | Villager (Male) |
| 0:55 | Create | Villager (Male) |
| 1:25 | Create | Villager (Male) |
| 1:26 | Create | Villager (Male) |
| 1:53 | Create | Villager (Male) |
| 1:53 | Create | Villager (Male) |
| 1:53 | Create | Villager (Male) |
| 2:20 | Create | Villager (Male) |
| 2:21 | Create | Villager (Male) |
| 2:21 | Create | Villager (Male) |
| 2:56 | Create | Villager (Male) |
| 3:15 | Create | Villager (Male) |
| 3:18 | Build | Lumber Camp |
| 3:26 | Create | Villager (Male) |
| 3:55 | Create | Villager (Male) |
| 3:55 | Create | Villager (Male) |
| 4:38 | Create | Villager (Male) |
| 4:38 | Create | Villager (Male) |
| 4:38 | Create | Villager (Male) |
| 4:40 | Create | Villager (Male) |
| 5:01 | Create | Villager (Male) |
| 5:04 | Build | Dock |
| 5:25 | Create | Villager (Male) |
| 5:48 | Build | Palisade Wall |
| 5:58 | Create | Fishing Ship |
| 6:14 | Create | Villager (Male) |
| 6:18 | Create | Villager (Male) |
| 6:32 | Create | Fishing Ship |
| 6:41 | Build | House |
| 6:44 | Create | Villager (Male) |
| 7:21 | Create | Fishing Ship |
| 7:49 | Create | Villager (Male) |
| 7:49 | Create | Villager (Male) |
| 8:14 | Build | Mill |
| 8:20 | Create | Villager (Male) |
| 8:39 | Build | Mining Camp |
| 9:04 | Create | Villager (Male) |
| 9:05 | Research | Feudal Age |
| 9:17 | Build | House |
| 10:21 | Create | Villager (Male) |
| 10:21 | Create | Villager (Male) |
| 11:23 | Create | Fishing Ship |
| 11:40 | Age | Feudal Age |
| 11:45 | Build | Market |
| 11:49 | Build | Blacksmith |
| 11:53 | Research | Double-Bit Axe |
| 12:49 | Research | Castle Age |
| 12:52 | Build | Fish Trap |
| 12:54 | Build | Fish Trap |
| 13:03 | Build | Fish Trap |
| 13:06 | Build | Fish Trap |
| 13:14 | Create | Fishing Ship |
| 13:20 | Build | House |
| 13:21 | Build | House |
| 13:51 | Create | Fishing Ship |
| 14:01 | Build | Fish Trap |
| 14:35 | Create | Fishing Ship |
| 14:42 | Build | Fish Trap |
| 14:57 | Create | Villager (Male) |
| 15:08 | Research | Gold Mining |
| 15:28 | Age | Castle Age |
| 15:35 | Build | Siege Workshop |
| 15:47 | Build | Palisade Wall |
| 15:48 | Build | Palisade Wall |
| 15:49 | Build | Palisade Wall |
| 16:01 | Create | Villager (Male) |
| 16:08 | Build | Town Center |
| 16:10 | Research | Tech 906 |
| 16:11 | Research | Bow Saw |
| 16:30 | Create | Villager (Male) |
| 16:50 | Build | Fish Trap |
| 16:54 | Create | Villager (Male) |
| 17:02 | Build | Town Center |
| 17:09 | Create | Villager (Male) |
| 17:16 | Research | Horse Collar |
| 17:18 | Build | Farm |
| 17:19 | Create | Villager (Male) |
| 17:22 | Create | Villager (Male) |
| 17:27 | Create | Villager (Male) |
| 17:28 | Build | Farm |
| 17:30 | Build | Farm |
| 17:38 | Create | Villager (Male) ×3 |
| 17:40 | Build | Farm |
| 17:47 | Create | Fishing Ship |
| 17:53 | Create | Villager (Male) |
| 18:03 | Create | Villager (Male) |
| 18:05 | Build | Farm |
| 18:07 | Build | Farm |
| 18:07 | Create | Villager (Male) ×5 |
| 18:10 | Build | Farm |
| 18:21 | Build | Farm |
| 18:33 | Build | Fish Trap |
| 18:38 | Create | Fishing Ship |
| 18:41 | Create | Villager (Male) |
| 18:46 | Create | Villager (Male) |
| 18:55 | Create | Villager (Male) |
| 18:56 | Build | Farm |
| 18:57 | Create | Villager (Male) |
| 18:58 | Build | Farm |
| 19:01 | Build | Farm |
| 19:05 | Create | Villager (Male) |
| 19:18 | Create | Villager (Male) |
| 19:19 | Build | Farm |
| 19:20 | Create | Villager (Male) |
| 19:22 | Build | Fish Trap |
| 19:23 | Create | Villager (Male) |
| 19:29 | Build | Farm |
| 19:31 | Build | Farm |
| 19:38 | Create | Villager (Male) |
| 19:42 | Build | House |
| 19:43 | Build | House |
| 19:43 | Build | House |
| 19:47 | Create | Villager (Male) |
| 19:50 | Build | Farm |
| 19:51 | Build | Farm |
| 19:51 | Create | Villager (Male) |
| 19:54 | Create | Villager (Male) |
| 19:59 | Create | Fishing Ship |
| 20:09 | Build | Farm |
| 20:12 | Create | Villager (Male) |
| 20:18 | Create | Villager (Male) |
| 20:24 | Research | Gillnets |
| 20:26 | Research | Wheelbarrow |
| 20:30 | Create | Villager (Male) |
| 20:35 | Create | Villager (Male) |
| 20:38 | Build | Monastery |
| 20:40 | Create | Villager (Male) |
| 20:44 | Build | Farm |
| 20:50 | Build | Fish Trap |
| 20:50 | Create | Villager (Male) |
| 20:54 | Build | House |
| 20:55 | Build | House |
| 20:58 | Create | Villager (Male) |
| 21:01 | Build | Farm |
| 21:02 | Create | Villager (Male) |
| 21:09 | Build | Lumber Camp |
| 21:10 | Create | Villager (Male) |
| 21:19 | Research | Gold Shaft Mining |
| 21:54 | Create | Monk |
| 21:56 | Create | Villager (Male) |
| 21:58 | Build | Mining Camp |
| 22:05 | Research | Stone Mining |
| 22:08 | Build | House |
| 22:09 | Build | House |
| 22:10 | Build | House |
| 22:10 | Build | House |
Build order — ARKINE
First 150 of 720 actions detected
| 0:00 | Create | Villager (Male) |
| 0:01 | Create | Villager (Male) |
| 0:02 | Build | House |
| 0:04 | Build | House |
| 0:16 | Create | Villager (Male) |
| 0:17 | Create | Villager (Male) |
| 1:28 | Create | Villager (Male) |
| 1:28 | Create | Villager (Male) |
| 1:57 | Create | Villager (Male) |
| 2:13 | Create | Villager (Male) |
| 2:13 | Create | Villager (Male) |
| 2:41 | Create | Villager (Male) |
| 2:42 | Create | Villager (Male) |
| 2:54 | Create | Villager (Male) |
| 3:12 | Build | Lumber Camp |
| 3:28 | Create | Villager (Male) |
| 3:48 | Create | Villager (Male) |
| 3:52 | Build | House |
| 3:58 | Build | House |
| 4:16 | Create | Villager (Male) |
| 4:58 | Create | Villager (Male) |
| 4:58 | Create | Villager (Male) |
| 5:19 | Build | Mill |
| 5:43 | Create | Villager (Male) |
| 6:00 | Build | Dock |
| 6:01 | Create | Villager (Male) |
| 6:01 | Create | Villager (Male) |
| 6:27 | Create | Villager (Male) |
| 6:27 | Create | Villager (Male) |
| 6:38 | Create | Villager (Male) |
| 6:53 | Create | Fishing Ship |
| 7:13 | Create | Villager (Male) |
| 7:39 | Build | House |
| 7:44 | Create | Villager (Male) |
| 8:01 | Create | Fishing Ship |
| 8:15 | Create | Villager (Male) |
| 8:48 | Research | Feudal Age |
| 8:51 | Build | Mining Camp |
| 9:59 | Build | House |
| 10:30 | Create | Villager (Male) |
| 10:30 | Create | Villager (Male) |
| 10:58 | Age | Feudal Age |
| 11:03 | Build | Market |
| 11:13 | Build | Blacksmith |
| 11:42 | Research | Double-Bit Axe |
| 11:49 | Research | Castle Age |
| 11:49 | Research | Castle Age |
| 12:18 | Build | Lumber Camp |
| 12:40 | Research | Horse Collar |
| 12:41 | Research | Horse Collar |
| 13:01 | Research | Tech 906 |
| 13:24 | Research | Gold Mining |
| 13:43 | Build | House |
| 14:06 | Create | Fishing Ship |
| 14:08 | Create | Villager (Male) |
| 14:10 | Build | House |
| 14:29 | Age | Castle Age |
| 14:40 | Create | Villager (Male) |
| 14:55 | Build | Town Center |
| 15:02 | Build | Town Center |
| 15:15 | Create | Villager (Male) |
| 15:23 | Build | Farm |
| 15:25 | Build | Farm |
| 15:27 | Create | Fishing Ship |
| 15:36 | Build | Mill |
| 15:38 | Create | Villager (Male) |
| 15:56 | Create | Fishing Ship |
| 16:04 | Build | Fish Trap |
| 16:06 | Create | Villager (Male) |
| 16:07 | Create | Fishing Ship |
| 16:14 | Build | Dock |
| 16:21 | Create | Villager (Male) |
| 16:28 | Build | Farm |
| 16:30 | Build | Farm |
| 16:31 | Create | Villager (Male) |
| 16:39 | Build | Fish Trap |
| 16:46 | Build | Farm |
| 16:49 | Build | Farm |
| 16:50 | Create | Villager (Male) |
| 16:56 | Create | Villager (Male) |
| 17:05 | Build | Farm |
| 17:21 | Create | Fishing Ship |
| 17:21 | Create | Fishing Ship |
| 17:22 | Create | Fishing Ship |
| 17:30 | Create | Villager (Male) |
| 17:38 | Build | Fish Trap |
| 17:39 | Create | Villager (Male) |
| 17:43 | Build | Farm |
| 17:43 | Create | Villager (Male) |
| 17:45 | Build | Farm |
| 17:48 | Create | Villager (Male) |
| 17:54 | Create | Villager (Male) |
| 18:01 | Build | Farm |
| 18:04 | Build | Farm |
| 18:10 | Build | Fish Trap |
| 18:11 | Create | Villager (Male) |
| 18:17 | Build | Fish Trap |
| 18:20 | Create | Villager (Male) |
| 18:22 | Build | Farm |
| 18:28 | Build | House |
| 18:28 | Create | Villager (Male) |
| 18:34 | Create | Villager (Male) |
| 18:38 | Build | House |
| 18:49 | Research | Wheelbarrow |
| 18:49 | Research | Wheelbarrow |
| 18:54 | Build | Farm |
| 18:55 | Create | Villager (Male) |
| 19:04 | Build | House |
| 19:05 | Create | Villager (Male) |
| 19:10 | Build | Farm |
| 19:12 | Create | Villager (Male) |
| 19:14 | Create | Fishing Ship |
| 19:24 | Build | Fish Trap |
| 19:25 | Create | Villager (Male) |
| 19:29 | Build | Fish Trap |
| 19:31 | Create | Villager (Male) |
| 19:32 | Create | Villager (Male) |
| 19:38 | Research | Bow Saw |
| 19:38 | Research | Bow Saw |
| 19:39 | Create | Villager (Male) |
| 19:42 | Build | House |
| 19:43 | Build | House |
| 19:45 | Create | Villager (Male) |
| 19:49 | Build | Farm |
| 19:53 | Research | Heavy Plow |
| 19:58 | Create | Villager (Male) |
| 20:05 | Build | Mining Camp |
| 20:06 | Create | Villager (Male) |
| 20:13 | Build | Farm |
| 20:14 | Create | Villager (Male) |
| 20:21 | Build | Fish Trap |
| 20:26 | Build | Fish Trap |
| 20:28 | Create | Villager (Male) |
| 20:29 | Create | Villager (Male) |
| 20:35 | Build | Farm |
| 20:36 | Create | Villager (Male) |
| 20:40 | Build | Farm |
| 20:45 | Build | House |
| 20:46 | Build | House |
| 20:47 | Create | Villager (Male) |
| 20:54 | Create | Villager (Male) |
| 20:56 | Build | Farm |
| 20:57 | Create | Villager (Male) |
| 21:00 | Build | Farm |
| 21:01 | Create | Villager (Male) |
| 21:02 | Create | Fishing Ship |
| 21:06 | Build | Farm |
| 21:07 | Create | Villager (Male) |
| 21:09 | Create | Villager (Male) |
| 21:15 | Build | Monastery |
Match timeline
| 1:14 | [R1] andres_rod · wall_segment Palisade Wall x11 |
| 1:24 | Blade_PEC · wall_segment Palisade Wall x11 |
| 2:20 | [R1] andres_rod · wall_segment Palisade Wall x9 |
| 5:04 | Poxo · first_building Dock |
| 5:14 | Blade_PEC · wall_segment Palisade Wall x8 |
| 5:27 | c3mbrich! · first_building Dock |
| 5:48 | Poxo · wall_segment Palisade Wall x1 |
| 6:00 | ARKINE · first_building Dock |
| 7:03 | Oni.TaToH · wall_segment Palisade Wall x7 |
| 7:16 | [R1] andres_rod · wall_segment Palisade Wall x4 |
| 7:37 | Oni.TaToH · wall_segment Palisade Wall x1 |
| 7:40 | [R1] andres_rod · wall_segment Palisade Wall x6 |
| 7:42 | [R1] andres_rod · wall_segment Palisade Wall x3 |
| 7:56 | Oni.TaToH · wall_segment Palisade Wall x1 |
| 8:53 | [R1] andres_rod · wall_segment Palisade Wall x11 |
| 9:39 | [R1] andres_rod · wall_segment Palisade Wall x6 |
| 9:42 | [R1] andres_rod · wall_segment Palisade Wall x5 |
| 9:45 | [R1] andres_rod · wall_segment Palisade Wall x8 |
| 9:55 | Blade_PEC · first_building Barracks |
| 10:00 | Blade_PEC · age_up feudal |
| 10:05 | 经典不变的回忆 | memory · first_building Barracks |
| 10:23 | [R1] andres_rod · wall_segment Palisade Wall x11 |
| 10:58 | ARKINE · age_up feudal |
| 11:06 | 经典不变的回忆 | memory · wall_segment Palisade Wall x1 |
| 11:07 | 经典不变的回忆 | memory · wall_segment Palisade Wall x1 |
| 11:09 | 经典不变的回忆 | memory · wall_segment Palisade Wall x1 |
| 11:40 | Poxo · age_up feudal |
| 11:46 | 经典不变的回忆 | memory · age_up feudal |
| 11:47 | 经典不变的回忆 | memory · first_building Stable |
| 11:49 | [R1] andres_rod · wall_segment Palisade Wall x19 |
| 11:56 | c3mbrich! · age_up feudal |
| 12:11 | Oni.TaToH · wall_segment Palisade Wall x7 |
| 12:12 | [R1] andres_rod · wall_segment Palisade Wall x9 |
| 12:13 | Oni.TaToH · wall_segment Palisade Wall x9 |
| 12:23 | [R1] andres_rod · wall_segment Palisade Wall x5 |
| 12:26 | Oni.TaToH · first_building Barracks |
| 12:47 | [R1] andres_rod · wall_segment Palisade Wall x15 |
| 12:54 | [R1] andres_rod · age_up feudal |
| 12:59 | c3mbrich! · first_market_buy 100 food |
| 13:01 | Oni.TaToH · wall_segment Palisade Wall x1 |
| 13:02 | Oni.TaToH · wall_segment Palisade Wall x1 |
| 13:04 | Oni.TaToH · wall_segment Palisade Wall x1 |
| 13:11 | Oni.TaToH · wall_segment Palisade Wall x1 |
| 13:12 | Oni.TaToH · wall_segment Palisade Wall x1 |
| 13:52 | [R1] andres_rod · wall_segment Palisade Wall x1 |
| 14:00 | [R1] andres_rod · wall_segment Palisade Wall x1 |
| 14:08 | c3mbrich! · wall_segment Palisade Wall x3 |
| 14:22 | Oni.TaToH · wall_segment Palisade Wall x4 |
| 14:24 | Blade_PEC · wall_segment Palisade Wall x6 |
| 14:25 | Oni.TaToH · wall_segment Palisade Wall x14 |
| 14:29 | ARKINE · age_up castle |
| 14:44 | c3mbrich! · age_up castle |
| 14:56 | c3mbrich! · first_building Siege Workshop |
| 14:57 | WhiteFangAoK16 · wall_segment Palisade Wall x4 |
| 15:00 | WhiteFangAoK16 · wall_segment Palisade Wall x4 |
| 15:07 | WhiteFangAoK16 · wall_segment Palisade Wall x3 |
| 15:11 | 经典不变的回忆 | memory · wall_segment Stone Wall x1 |
| 15:13 | 经典不变的回忆 | memory · wall_segment Stone Wall x2 |
| 15:28 | Poxo · age_up castle |
| 15:31 | c3mbrich! · wall_segment Palisade Wall x1 |
| 15:35 | Poxo · first_building Siege Workshop |
| 15:44 | Poxo · first_market_buy 100 wood |
| 15:44 | 经典不变的回忆 | memory · wall_segment Stone Wall x8 |
| 15:47 | Poxo · wall_segment Palisade Wall x1 |
| 15:48 | Poxo · wall_segment Palisade Wall x1 |
| 15:49 | Poxo · wall_segment Palisade Wall x1 |
| 16:00 | Oni.TaToH · age_up feudal |
| 16:10 | [R1] andres_rod · first_building Barracks |
| 16:32 | Oni.TaToH · first_building Stable |
| 16:40 | Oni.TaToH · wall_segment Stone Wall x4 |
| 16:47 | Oni.TaToH · wall_segment Stone Wall x1 |
| 16:50 | 经典不变的回忆 | memory · wall_segment Stone Wall x7 |
| 16:58 | Oni.TaToH · wall_segment Palisade Wall x1 |
| 16:58 | Oni.TaToH · wall_segment Palisade Wall x1 |
| 16:59 | Oni.TaToH · wall_segment Palisade Wall x1 |
| 17:06 | Oni.TaToH · wall_segment Stone Wall x4 |
| 17:09 | Oni.TaToH · wall_segment Stone Wall x1 |
| 17:13 | [R1] andres_rod · wall_segment Stone Wall x1 |
| 17:13 | Oni.TaToH · wall_segment Stone Wall x7 |
| 17:15 | [R1] andres_rod · wall_segment Stone Wall x1 |
| 17:23 | Oni.TaToH · wall_segment Stone Wall x2 |
| 17:25 | [R1] andres_rod · wall_segment Stone Wall x1 |
| 17:26 | Oni.TaToH · wall_segment Stone Wall x3 |
| 17:28 | [R1] andres_rod · wall_segment Stone Wall x1 |
| 17:38 | [R1] andres_rod · wall_segment Stone Wall x1 |
| 17:42 | [R1] andres_rod · wall_segment Stone Wall x1 |
| 17:44 | [R1] andres_rod · wall_segment Stone Wall x1 |
| 17:46 | [R1] andres_rod · wall_segment Stone Wall x1 |
| 17:48 | [R1] andres_rod · wall_segment Stone Wall x1 |
| 17:51 | [R1] andres_rod · wall_segment Stone Wall x1 |
| 17:52 | WhiteFangAoK16 · wall_segment Palisade Wall x3 |
| 17:55 | WhiteFangAoK16 · wall_segment Palisade Wall x1 |
| 17:57 | WhiteFangAoK16 · wall_segment Palisade Wall x1 |
| 17:59 | WhiteFangAoK16 · wall_segment Palisade Wall x1 |
| 18:02 | WhiteFangAoK16 · wall_segment Palisade Wall x1 |
| 18:08 | WhiteFangAoK16 · wall_segment Palisade Wall x4 |
| 18:11 | WhiteFangAoK16 · wall_segment Palisade Wall x4 |
| 18:22 | WhiteFangAoK16 · wall_segment Palisade Wall x1 |
| 18:24 | WhiteFangAoK16 · wall_segment Palisade Wall x1 |
| 18:34 | WhiteFangAoK16 · wall_segment Palisade Wall x1 |
| 18:35 | [R1] andres_rod · wall_segment Stone Wall x1 |
| 18:45 | WhiteFangAoK16 · wall_segment Palisade Wall x1 |
| 18:47 | 经典不变的回忆 | memory · wall_segment Stone Wall x8 |
| 18:48 | WhiteFangAoK16 · wall_segment Palisade Wall x5 |
| 19:14 | 经典不变的回忆 | memory · wall_segment Stone Wall x1 |
| 19:21 | WhiteFangAoK16 · age_up feudal |
| 19:30 | Blade_PEC · age_up castle |
| 19:32 | Blade_PEC · first_building Siege Workshop |
| 19:34 | Oni.TaToH · wall_segment Palisade Wall x1 |
| 19:46 | [R1] andres_rod · wall_segment Stone Wall x14 |
| 20:18 | [R1] andres_rod · first_market_sell 100 stone |
| 20:19 | [R1] andres_rod · first_market_buy 100 food |
| 20:24 | c3mbrich! · first_building Monastery |
| 20:38 | Poxo · first_building Monastery |
| 21:15 | 经典不变的回忆 | memory · age_up castle |
| 21:15 | ARKINE · first_building Monastery |
| 21:22 | [R1] andres_rod · wall_segment Stone Wall x3 |
| 21:22 | 经典不变的回忆 | memory · first_building Monastery |
| 21:34 | Poxo · first_market_sell 100 wood |
| 21:37 | [R1] andres_rod · wall_segment Stone Wall x1 |
| 21:38 | [R1] andres_rod · wall_segment Stone Wall x1 |
| 21:39 | [R1] andres_rod · wall_segment Stone Wall x1 |
| 21:40 | [R1] andres_rod · wall_segment Stone Wall x1 |
| 21:42 | [R1] andres_rod · wall_segment Stone Wall x1 |
| 21:42 | [R1] andres_rod · wall_segment Stone Wall x1 |
| 21:43 | Oni.TaToH · first_market_sell 500 wood |
| 21:44 | [R1] andres_rod · wall_segment Stone Wall x1 |
| 21:44 | Oni.TaToH · first_market_buy 100 food |
| 21:45 | [R1] andres_rod · wall_segment Stone Wall x1 |
| 21:46 | [R1] andres_rod · wall_segment Stone Wall x1 |
| 21:47 | [R1] andres_rod · wall_segment Stone Wall x1 |
| 21:48 | [R1] andres_rod · wall_segment Stone Wall x1 |
| 21:49 | [R1] andres_rod · wall_segment Stone Wall x1 |
| 21:50 | [R1] andres_rod · wall_segment Stone Wall x1 |
| 21:57 | [R1] andres_rod · wall_segment Stone Wall x1 |
| 22:53 | WhiteFangAoK16 · first_market_sell 100 wood |
| 23:08 | [R1] andres_rod · wall_segment Stone Wall x13 |
| 23:13 | [R1] andres_rod · age_up castle |
| 23:28 | [R1] andres_rod · first_building Castle |
| 23:59 | [R1] andres_rod · wall_segment Stone Wall x1 |
| 24:10 | ARKINE · first_market_sell 100 food |
| 24:20 | ARKINE · first_building Barracks |
| 24:22 | WhiteFangAoK16 · first_market_buy 100 stone |
| 24:29 | Poxo · first_building Barracks |
| 24:39 | [R1] andres_rod · wall_segment Stone Wall x1 |
| 24:40 | [R1] andres_rod · wall_segment Stone Wall x1 |
| 25:10 | Oni.TaToH · age_up castle |
| 25:18 | ARKINE · first_building Stable |
| 25:40 | [R1] andres_rod · wall_segment Stone Wall x1 |
| 25:46 | WhiteFangAoK16 · age_up castle |
| 25:56 | ARKINE · first_building Castle |
| 26:35 | [R1] andres_rod · wall_segment Stone Wall x7 |
| 26:37 | [R1] andres_rod · wall_segment Stone Wall x3 |
| 26:48 | [R1] andres_rod · first_building Monastery |
| 27:07 | 经典不变的回忆 | memory · first_building Siege Workshop |
| 27:34 | ARKINE · age_up imperial |
| 27:52 | ARKINE · first_building Siege Workshop |
| 28:00 | Poxo · age_up imperial |
| 28:01 | c3mbrich! · first_market_sell 100 wood |
| 28:54 | c3mbrich! · first_building Barracks |
| 29:07 | Blade_PEC · first_market_buy 100 wood |
| 29:13 | 经典不变的回忆 | memory · wall_segment Stone Wall x7 |
| 29:27 | 经典不变的回忆 | memory · wall_segment Stone Wall x10 |
| 29:41 | WhiteFangAoK16 · first_building Barracks |
| 29:47 | 经典不变的回忆 | memory · wall_segment Stone Wall x7 |
| 29:54 | 经典不变的回忆 | memory · first_building Castle |
| 29:54 | Blade_PEC · first_market_sell 100 food |
| 29:57 | c3mbrich! · age_up imperial |
| 29:57 | c3mbrich! · first_building Stable |
| 30:09 | WhiteFangAoK16 · first_building Archery Range |
| 30:10 | Poxo · first_building Castle |
| 30:15 | WhiteFangAoK16 · first_building Stable |
| 30:29 | [R1] andres_rod · wall_segment Stone Wall x5 |
| 30:31 | [R1] andres_rod · wall_segment Stone Wall x7 |
| 30:34 | [R1] andres_rod · wall_segment Stone Wall x1 |
| 30:35 | [R1] andres_rod · wall_segment Stone Wall x1 |
| 30:40 | 经典不变的回忆 | memory · wall_segment Stone Wall x8 |
| 30:46 | Oni.TaToH · first_building Siege Workshop |
| 30:51 | [R1] andres_rod · wall_segment Stone Wall x8 |
| 31:30 | 经典不变的回忆 | memory · age_up imperial |
| 31:41 | Oni.TaToH · first_building Archery Range |
| 31:43 | 经典不变的回忆 | memory · wall_segment Stone Wall x4 |
| 31:50 | Oni.TaToH · first_building Castle |
| 32:12 | 经典不变的回忆 | memory · wall_segment Stone Wall x3 |
| 32:46 | 经典不变的回忆 | memory · wall_segment Stone Wall x1 |
| 32:47 | [R1] andres_rod · wall_segment Stone Wall x1 |
| 33:13 | 经典不变的回忆 | memory · wall_segment Stone Wall x1 |
| 33:18 | [R1] andres_rod · wall_segment Stone Wall x1 |
| 33:30 | 经典不变的回忆 | memory · wall_segment Stone Wall x1 |
| 33:42 | 经典不变的回忆 | memory · wall_segment Stone Wall x2 |
| 33:43 | 经典不变的回忆 | memory · wall_segment Stone Wall x1 |
| 33:44 | 经典不变的回忆 | memory · wall_segment Stone Wall x1 |
| 33:51 | ARKINE · tribute_sent a jugador 1 |
| 33:51 | ARKINE · tribute_sent a jugador 2 |
| 33:51 | ARKINE · tribute_sent a jugador 3 |
| 33:51 | ARKINE · tribute_sent a jugador 4 |
| 33:51 | ARKINE · tribute_sent a jugador 5 |
| 33:51 | ARKINE · tribute_sent a jugador 6 |
| 33:51 | ARKINE · tribute_sent a jugador 7 |
| 33:53 | 经典不变的回忆 | memory · wall_segment Stone Wall x1 |
| 33:57 | 经典不变的回忆 | memory · wall_segment Stone Wall x1 |
| 33:58 | [R1] andres_rod · wall_segment Stone Wall x1 |
| 34:00 | [R1] andres_rod · wall_segment Stone Wall x1 |
| 34:04 | [R1] andres_rod · wall_segment Stone Wall x1 |
| 34:17 | c3mbrich! · first_building Castle |
| 34:18 | [R1] andres_rod · wall_segment Stone Wall x1 |
| 34:22 | [R1] andres_rod · wall_segment Stone Wall x1 |
| 34:24 | [R1] andres_rod · wall_segment Stone Wall x1 |
| 34:46 | Poxo · tribute_sent a jugador 1 |
| 34:46 | Poxo · tribute_sent a jugador 2 |
| 34:46 | Poxo · tribute_sent a jugador 3 |
| 34:46 | Poxo · tribute_sent a jugador 4 |
| 34:46 | Poxo · tribute_sent a jugador 5 |
| 34:46 | Poxo · tribute_sent a jugador 6 |
| 34:46 | Poxo · tribute_sent a jugador 8 |
| 34:53 | c3mbrich! · wall_segment Stone Wall x1 |
| 34:54 | c3mbrich! · wall_segment Stone Wall x1 |
| 34:57 | c3mbrich! · wall_segment Stone Wall x1 |
| 35:14 | 经典不变的回忆 | memory · wall_segment Stone Wall x2 |
| 35:43 | Poxo · tribute_sent a jugador 1 |
| 35:43 | Poxo · tribute_sent a jugador 2 |
| 35:43 | Poxo · tribute_sent a jugador 3 |
| 35:43 | Poxo · tribute_sent a jugador 4 |
| 35:43 | Poxo · tribute_sent a jugador 5 |
| 35:43 | Poxo · tribute_sent a jugador 6 |
| 35:43 | Poxo · tribute_sent a jugador 8 |
| 36:17 | Oni.TaToH · age_up imperial |
| 36:39 | WhiteFangAoK16 · first_building Castle |
| 36:54 | ARKINE · tribute_sent a jugador 1 |
| 36:54 | ARKINE · tribute_sent a jugador 2 |
| 36:54 | ARKINE · tribute_sent a jugador 3 |
| 36:54 | ARKINE · tribute_sent a jugador 4 |
| 36:54 | ARKINE · tribute_sent a jugador 5 |
| 36:54 | ARKINE · tribute_sent a jugador 6 |
| 36:54 | ARKINE · tribute_sent a jugador 7 |
| 37:39 | Poxo · tribute_sent a jugador 1 |
| 37:39 | Poxo · tribute_sent a jugador 2 |
| 37:39 | Poxo · tribute_sent a jugador 3 |
| 37:39 | Poxo · tribute_sent a jugador 4 |
| 37:39 | Poxo · tribute_sent a jugador 5 |
| 37:39 | Poxo · tribute_sent a jugador 6 |
| 37:39 | Poxo · tribute_sent a jugador 8 |
| 37:47 | 经典不变的回忆 | memory · first_market_buy 100 wood |
| 37:48 | [R1] andres_rod · wall_segment Stone Wall x1 |
| 37:51 | Blade_PEC · first_building Castle |
| 37:53 | [R1] andres_rod · wall_segment Stone Wall x1 |
| 38:16 | Blade_PEC · age_up imperial |
| 39:20 | Poxo · tribute_sent a jugador 1 |
| 39:20 | Poxo · tribute_sent a jugador 2 |
| 39:20 | Poxo · tribute_sent a jugador 3 |
| 39:20 | Poxo · tribute_sent a jugador 4 |
| 39:20 | Poxo · tribute_sent a jugador 5 |
| 39:20 | Poxo · tribute_sent a jugador 6 |
| 39:20 | Poxo · tribute_sent a jugador 8 |
| 40:40 | Poxo · tribute_sent a jugador 1 |
| 40:40 | Poxo · tribute_sent a jugador 2 |
| 40:40 | Poxo · tribute_sent a jugador 3 |
| 40:40 | Poxo · tribute_sent a jugador 4 |
| 40:40 | Poxo · tribute_sent a jugador 5 |
| 40:40 | Poxo · tribute_sent a jugador 6 |
| 40:40 | Poxo · tribute_sent a jugador 8 |
| 41:25 | Poxo · tribute_sent a jugador 1 |
| 41:25 | Poxo · tribute_sent a jugador 2 |
| 41:25 | Poxo · tribute_sent a jugador 3 |
| 41:25 | Poxo · tribute_sent a jugador 4 |
| 41:25 | Poxo · tribute_sent a jugador 5 |
| 41:25 | Poxo · tribute_sent a jugador 6 |
| 41:25 | Poxo · tribute_sent a jugador 8 |
| 41:41 | Poxo · tribute_sent a jugador 1 |
| 41:41 | Poxo · tribute_sent a jugador 2 |
| 41:41 | Poxo · tribute_sent a jugador 3 |
| 41:41 | Poxo · tribute_sent a jugador 4 |
| 41:41 | Poxo · tribute_sent a jugador 5 |
| 41:41 | Poxo · tribute_sent a jugador 6 |
| 41:41 | Poxo · tribute_sent a jugador 8 |
| 42:56 | Poxo · tribute_sent a jugador 1 |
| 42:56 | Poxo · tribute_sent a jugador 2 |
| 42:56 | Poxo · tribute_sent a jugador 3 |
| 42:56 | Poxo · tribute_sent a jugador 4 |
| 42:56 | Poxo · tribute_sent a jugador 5 |
| 42:56 | Poxo · tribute_sent a jugador 6 |
| 42:56 | Poxo · tribute_sent a jugador 8 |
| 43:02 | Poxo · tribute_sent a jugador 1 |
| 43:02 | Poxo · tribute_sent a jugador 2 |
| 43:02 | Poxo · tribute_sent a jugador 3 |
| 43:02 | Poxo · tribute_sent a jugador 4 |
| 43:02 | Poxo · tribute_sent a jugador 5 |
| 43:02 | Poxo · tribute_sent a jugador 6 |
| 43:02 | Poxo · tribute_sent a jugador 8 |
| 44:10 | Poxo · first_building Stable |
| 44:16 | 经典不变的回忆 | memory · wall_segment Stone Wall x20 |
| 44:47 | Poxo · tribute_sent a jugador 1 |
| 44:47 | Poxo · tribute_sent a jugador 2 |
| 44:47 | Poxo · tribute_sent a jugador 3 |
| 44:47 | Poxo · tribute_sent a jugador 4 |
| 44:47 | Poxo · tribute_sent a jugador 5 |
| 44:47 | Poxo · tribute_sent a jugador 6 |
| 44:47 | Poxo · tribute_sent a jugador 8 |
| 45:07 | [R1] andres_rod · age_up imperial |
| 46:07 | 经典不变的回忆 | memory · wall_segment Stone Wall x16 |
| 46:44 | ARKINE · tribute_sent a jugador 1 |
| 46:44 | ARKINE · tribute_sent a jugador 2 |
| 46:44 | ARKINE · tribute_sent a jugador 3 |
| 46:44 | ARKINE · tribute_sent a jugador 4 |
| 46:44 | ARKINE · tribute_sent a jugador 5 |
| 46:44 | ARKINE · tribute_sent a jugador 6 |
| 46:44 | ARKINE · tribute_sent a jugador 7 |
| 46:55 | 经典不变的回忆 | memory · wall_segment Stone Wall x13 |
| 47:42 | 经典不变的回忆 | memory · wall_segment Stone Wall x9 |
| 47:44 | 经典不变的回忆 | memory · wall_segment Stone Wall x2 |
| 47:46 | 经典不变的回忆 | memory · wall_segment Stone Wall x6 |
| 47:50 | 经典不变的回忆 | memory · wall_segment Stone Wall x6 |
| 48:04 | Poxo · tribute_sent a jugador 1 |
| 48:04 | Poxo · tribute_sent a jugador 2 |
| 48:04 | Poxo · tribute_sent a jugador 3 |
| 48:04 | Poxo · tribute_sent a jugador 4 |
| 48:04 | Poxo · tribute_sent a jugador 5 |
| 48:04 | Poxo · tribute_sent a jugador 6 |
| 48:04 | Poxo · tribute_sent a jugador 8 |
| 48:37 | Blade_PEC · tribute_sent a jugador 1 |
| 48:37 | Blade_PEC · tribute_sent a jugador 2 |
| 48:37 | Blade_PEC · tribute_sent a jugador 3 |
| 48:37 | Blade_PEC · tribute_sent a jugador 5 |
| 48:37 | Blade_PEC · tribute_sent a jugador 6 |
| 48:37 | Blade_PEC · tribute_sent a jugador 7 |
| 48:37 | Blade_PEC · tribute_sent a jugador 8 |
| 48:37 | Oni.TaToH · tribute_sent a jugador 1 |
| 48:37 | Oni.TaToH · tribute_sent a jugador 2 |
| 48:37 | Oni.TaToH · tribute_sent a jugador 4 |
| 48:37 | Oni.TaToH · tribute_sent a jugador 5 |
| 48:37 | Oni.TaToH · tribute_sent a jugador 6 |
| 48:37 | Oni.TaToH · tribute_sent a jugador 7 |
| 48:37 | Oni.TaToH · tribute_sent a jugador 8 |
| 48:52 | Poxo · tribute_sent a jugador 1 |
| 48:52 | Poxo · tribute_sent a jugador 2 |
| 48:52 | Poxo · tribute_sent a jugador 3 |
| 48:52 | Poxo · tribute_sent a jugador 4 |
| 48:52 | Poxo · tribute_sent a jugador 5 |
| 48:52 | Poxo · tribute_sent a jugador 6 |
| 48:52 | Poxo · tribute_sent a jugador 8 |
| 49:13 | Oni.TaToH · tribute_sent a jugador 1 |
| 49:13 | Oni.TaToH · tribute_sent a jugador 2 |
| 49:13 | Oni.TaToH · tribute_sent a jugador 4 |
| 49:13 | Oni.TaToH · tribute_sent a jugador 5 |
| 49:13 | Oni.TaToH · tribute_sent a jugador 6 |
| 49:13 | Oni.TaToH · tribute_sent a jugador 7 |
| 49:13 | Oni.TaToH · tribute_sent a jugador 8 |
| 50:03 | WhiteFangAoK16 · age_up imperial |
| 50:19 | Poxo · tribute_sent a jugador 1 |
| 50:19 | Poxo · tribute_sent a jugador 2 |
| 50:19 | Poxo · tribute_sent a jugador 3 |
| 50:19 | Poxo · tribute_sent a jugador 4 |
| 50:19 | Poxo · tribute_sent a jugador 5 |
| 50:19 | Poxo · tribute_sent a jugador 6 |
| 50:19 | Poxo · tribute_sent a jugador 8 |
| 50:31 | ARKINE · first_building Archery Range |
| 52:01 | 经典不变的回忆 | memory · wall_segment Stone Wall x1 |
| 52:34 | Poxo · tribute_sent a jugador 1 |
| 52:34 | Poxo · tribute_sent a jugador 2 |
| 52:34 | Poxo · tribute_sent a jugador 3 |
| 52:34 | Poxo · tribute_sent a jugador 4 |
| 52:34 | Poxo · tribute_sent a jugador 5 |
| 52:34 | Poxo · tribute_sent a jugador 6 |
| 52:34 | Poxo · tribute_sent a jugador 8 |
| 55:51 | Blade_PEC · resign |
[ AI ANALYSIS · 1 CREDIT ]
What really happened in this match?
Wolo.gg analyzes every decision: build order, eco, micro, common mistakes by bracket. Personalized analysis on WhatsApp or Discord in 30 seconds.
Civ guide
Bulgarians
Perfil
Jugador #10056970